Map: Ever Dream LE

Players

Eleven - Winner!

  • Race: Zerg Zerg
  • League: Diamond
  • Spawn Location: 1:00

Undetected

  • Race: Terran Terran
  • Spawn Location: 7:00

VOD

Have the link to the VOD?

Description

Drone hard, hit three base saturation ( main natural and 3rd have 16/16 workers on minerals) This should finish around 430-5:00 min. If youre on track youre at 50-52 workers at the 5 min mark.

At 3 base saturation immediately do this in order;
1. 4th base
2. All Gasses
3. Macro Hatch in main


After you start 2-2 Start Hydra den (Do not go into Hydras too early Hydras Need both upgrades and at least 2-2 before they become effective)

@ Hydra Den -Lurker Den (Lurkers are extremely gas heavy. You need a full economy before you can afford them)
@ 8:00 -Infestation Pit
@ Infest Pit -Hive, Spire (always start spire when you start hive)
@ Hive -Greater Spire and or Ultra den, Adrenal, 3-3, Lurker speed then range. (Lurker Speed First)

End Game Check Point - 88 drones max. 5+ Bases (always stay one base ahead of your opponent)- As many gasses as possible, and some form of tier 3 (broodlords, Ultras, or fully upgraded lurkers with a caster). Do not attack with Ultras before Chitinous plating is done. Ever.

Remember to always be scouting and react. You may have to stop droning early, take gasses early, and make army. You never know unless you scout! Use your overlords, get overlord speed if you want.

Make queens!
ZvT (MANDATORY) 4 creep queens MINIMUM plus one per hatch up to 5 bases. So 9 total. Id say 8 total minimum

ZvP 2 creep queens MINIMUM plus one per hatch

ZvZ Creep queens are optional. But having the vision is nice. It outweighs the cons in my opinion



Time

  • Played on: April 3, 2020, 11:17 p.m.
  • Length: 17:10
Show
View Real Time Build Order
Export as new Build Order

Eleven Zerg - Winner!

Build Orders: Hatch First, Brood Lord Corruptor 

Get SALT Encoding   

  12  0:01  Drone  
  13  0:13  Overlord  
  13  0:17  Drone  
  14  0:31  Drone x2  
  16  0:49  Hatchery  
  15  0:53  Drone  
  17  0:57  Drone  
  17  1:00  Drone  
  18  1:08  Drone  
  19  1:11  Extractor  
  18  1:21  Spawning Pool  
  18  1:23  Drone  
  18  1:29  Drone  
  19  1:41  Overlord  
  19  1:51  Drone  
  20  2:08  Zergling x4  
  22  2:09  Queen x2  
  26  2:17  Drone x2  
  28  2:33  Extractor  
  27  2:45  Drone  
  27  2:46  Overlord  
  27  2:47  Queen  
  27  2:50  Drone  
  31  2:55  Drone  
  31  2:56  Drone  
  33  2:59  Drone, Hatchery  
  33  3:05  Drone x2  
  35  3:08  Drone  
  35  3:10  Drone  
  37  3:15  Metabolic Boost  
  38  3:20  Drone x2  
  39  3:29  Queen  
  39  3:31  Overlord  
  39  3:34  Drone  
  42  3:36  Overlord  
  42  3:42  Drone x2  
  42  3:47  Lair  
  44  3:55  Drone x2  
  46  3:56  Drone  
  46  3:57  Zergling x6  
  46  4:01  Overlord  
  50  4:13  Drone x2  
  50  4:14  Drone x3  
  50  4:16  Baneling Nest, Queen  
  56  4:17  Overlord  
  56  4:22  Zergling x4  
  58  4:28  Zergling x4  
  60  4:33  Zergling x2  
  60  4:38  Zergling x4  
  63  4:44  Zergling x6  
  66  4:45  Drone  
  67  4:54  Drone x2  
  67  4:55  Evolution Chamber  
  67  4:57  Evolution Chamber  
  67  4:59  Drone x2  
  69  5:05  Drone x5  
  74  5:09  Centrifical Hooks  
  74  5:12  Overlord  
  74  5:15  Overlord  
  74  5:16  Baneling x3  
  74  5:23  Overlord  
  74  5:24  Overlord  
  74  5:41  Hatchery  
  72  5:50  Drone  
  72  5:51  Drone x2  
  72  5:52  Drone x3  
  72  5:54  Drone x2, Extractor  
  72  5:55  Drone x2  
  72  5:56  Extractor  
  81  5:57  Drone x3  
  81  6:01  Extractor  
  82  6:04  Drone x3, Hatchery  
  82  6:08  Zerg Ground Armor Level 1  
  79  6:33  Zergling x4  
  79  6:34  Zergling x14  
  79  6:35  Zergling x6  
  90  6:47  Overlord x2, Extractor x2  
  90  6:48  Overlord  
  88  6:54  Baneling x2  
  88  6:55  Baneling x5, Queen  
  88  6:57  Drone  
  88  6:58  Drone x5  
  88  7:01  Zerg Melee Weapons Level 1  
  96  7:06  Drone  
  96  7:07  Drone x5  
  102  7:20  Drone x4  
  102  7:21  Drone x2  
  108  7:24  Extractor  
  108  7:25  Drone x2  
  108  7:26  Extractor  
  108  7:27  Queen  
  110  7:32  Infestation Pit  
  110  7:33  Hydralisk Den  
  110  7:35  Drone x3, Hatchery  
  110  7:36  Drone x3  
  113  7:37  Drone x3  
  113  7:38  Overlord  
  113  7:40  Baneling x3  
  116  7:52  Overlord x3  
  116  7:55  Baneling x3  
  116  8:20  Zerg Ground Armor Level 2  
  116  8:21  Hydralisk x13  
  116  8:23  Overlord x3  
  116  8:24  Overlord  
  142  8:38  Drone  
  142  8:39  Drone  
  144  8:46  Zergling x20  
  154  8:50  Overseer x3, Hatchery  
  153  8:56  Hive  
  153  8:58  Muscular Augments  
  153  9:01  Spire  
  152  9:04  Zergling x18  
  161  9:19  Overlord x2  
  161  9:27  Zerg Melee Weapons Level 2  
  161  9:28  Spore Crawler x2  
  161  9:29  Spore Crawler  
  161  9:31  Hydralisk x7  
  158  9:32  Hydralisk  
  158  9:34  Zergling x10  
  172  10:09  Grooved Spines  
  164  10:32  Greater Spire  
  164  10:34  Adrenal Glands  
  164  10:39  Zergling x30  
  164  10:41  Corruptor x10  
  199  10:43  Overseer x2  
  197  11:32  Zerg Ground Armor Level 3  
  176  11:49  Zergling x24, Hydralisk x2  
  176  11:50  Zergling x14, Hydralisk x5  
  180  12:11  Zerg Melee Weapons Level 3  
  180  12:13  Brood Lord x3  
  180  12:14  Brood Lord x6  
  198  12:20  Zergling x2  
  198  12:22  Baneling x5  
  199  12:23  Baneling x6  
  199  12:42  Unknown  
  198  12:48  Zerg Flyer Weapons Level 1  
  196  13:15  Baneling x5  
  196  13:16  Baneling x3  
  170  13:28  Baneling  
  170  13:29  Zergling x58  
  198  13:59  Baneling x7  
  198  14:00  Zergling x4  
  172  14:10  Zergling x44  
  161  14:44  Zergling x26  
  137  14:53  Corruptor x5  
  137  14:57  Brood Lord  
  137  14:58  Overlord  
  137  14:59  Corruptor x4  
  155  15:12  Corruptor x4  
  163  15:16  Hatchery  
  162  15:21  Spire  
  162  15:27  Hatchery  
  160  15:38  Brood Lord  
  160  15:39  Brood Lord x5  
  160  15:40  Corruptor x12  
  160  15:41  Corruptor  
  160  15:42  Hatchery  
  197  15:45  Baneling x3  
  182  16:38  Zergling x24, Hydralisk x2  
  182  16:39  Hydralisk x3  
Show
View Real Time Build Order
Export as new Build Order

Undetected Terran 

Build Orders: Reaper Expand, Ling Bane Hydra, Mech 

Get SALT Encoding   

  12  0:01  SCV  
  13  0:13  SCV  
  14  0:23  Supply Depot  
  14  0:25  SCV  
  15  0:45  SCV  
  15  0:47  Barracks  
  16  0:51  Refinery  
  16  0:57  SCV  
  17  1:09  SCV  
  18  1:21  SCV  
  19  1:34  Orbital Command, Reaper  
  20  1:45  Command Center  
  20  1:58  Barracks  
  21  2:01  SCV  
  21  2:13  SCV  
  21  2:15  Factory  
  22  2:21  Refinery  
  22  2:25  SCV  
  22  2:29  Barracks Reactor  
  23  2:50  Barracks Tech Lab  
  23  2:56  SCV  
  24  3:03  Orbital Command  
  24  3:07  Factory Reactor  
  24  3:09  SCV  
  24  3:10  Marine  
  24  3:11  Marine x2  
  28  3:17  Starport  
  28  3:21  SCV  
  29  3:29  SCV  
  29  3:33  SCV  
  31  3:35  Marine x3  
  34  3:41  SCV  
  34  3:44  Supply Depot  
  34  3:45  SCV  
  34  3:47  Supply Depot  
  36  3:53  SCV  
  37  3:56  Marine  
  38  4:06  SCV x2, Marine x2  
  42  4:12  Stimpack  
  42  4:17  Medivac x2  
  42  4:18  SCV x2  
  42  4:24  Supply Depot, Marine x3  
  49  4:26  Supply Depot  
  49  4:29  Factory Tech Lab  
  49  4:30  SCV x2  
  53  4:33  Engineering Bay  
  53  4:37  Refinery  
  53  4:41  Marine  
  53  4:45  SCV x2, Marine x2  
  58  4:52  Siege Tank  
  61  4:53  Supply Depot  
  61  4:57  SCV x2  
  63  5:01  Marine  
  63  5:03  Marine x2  
  66  5:09  SCV x2  
  68  5:15  Medivac  
  68  5:18  Terran Infantry Weapons Level 1  
  68  5:19  Marine  
  68  5:21  Marine x2  
  73  5:22  SCV x2  
  75  5:34  SCV x2  
  75  5:35  Refinery  
  73  5:46  Marine x3  
  76  5:52  SCV, Combat Shield  
  76  5:53  SCV  
  78  6:00  Command Center  
  78  6:09  Supply Depot  
  78  6:14  Supply Depot  
  78  6:30  SCV, Engineering Bay, Marine x2  
  78  6:31  SCV, Siege Tank, Medivac, Marine  
  78  6:32  Barracks  
  84  6:33  Barracks  
  84  6:35  Barracks  
  76  6:45  Medivac  
  78  6:48  Marine x3  
  81  7:01  Medivac  
  83  7:03  Siege Tank  
  83  7:06  Marine x2  
  83  7:07  Marauder  
  90  7:15  Medivac  
  92  7:21  Barracks Tech Lab  
  92  7:22  Barracks Reactor  
  92  7:24  Marine x2  
  92  7:25  Terran Infantry Armor Level 1  
  92  7:28  SCV x2, Marauder  
  92  7:29  Barracks Reactor  
  98  7:30  Armory  
  98  7:40  Orbital Command, SCV  
  98  7:41  Marine  
  98  7:42  SCV, Marine  
  98  7:43  Siege Tank  
  105  7:46  Refinery  
  105  7:52  SCV  
  105  7:53  Refinery  
  105  7:54  SCV  
  105  7:56  Factory  
  105  7:57  Factory  
  107  8:04  SCV  
  108  8:08  Marine  
  109  8:16  Supply Depot  
  109  8:18  Supply Depot  
  109  8:20  Supply Depot  
  109  8:21  Supply Depot  
  109  8:22  Supply Depot  
  109  8:38  SCV, Marine x7  
  109  8:39  Concussive Shells, Marine  
  109  8:40  SCV x2, Terran Infantry Weapons Level 2  
  120  8:51  SCV  
  120  8:52  SCV  
  120  8:54  Command Center  
  122  8:55  Marine x3  
  122  8:56  Marine x3  
  122  8:57  Marine  
  129  9:06  Marine  
  129  9:08  Factory Tech Lab  
  129  9:09  Factory Tech Lab  
  130  9:12  SCV x2  
  130  9:13  Marine x4  
  130  9:14  Marauder  
  138  9:21  Marine x2  
  138  9:23  Siege Tank, Medivac x2  
  147  9:24  SCV, Marine  
  147  9:25  Terran Infantry Armor Level 2  
  149  9:48  Marine  
  149  9:49  Marine  
  149  9:51  SCV, Marine  
  146  9:53  Marine  
  146  9:54  Marine x2  
  149  10:05  Medivac x2, Marine  
  149  10:06  Marauder, Siege Tank x2  
  162  10:17  Supply Depot  
  162  10:18  Supply Depot, Siege Tank  
  162  10:19  Supply Depot x2  
  149  10:21  Supply Depot  
  149  10:23  Marine x2  
  149  10:24  Marine x4  
  149  10:25  Marauder  
  157  10:29  SCV x3  
  160  10:40  Marine  
  160  10:41  Marine x4  
  165  10:44  Medivac x2  
  165  10:45  Marine x2  
  165  10:46  Marine  
  165  10:49  SCV x2  
  174  10:50  SCV  
  175  10:58  Marine  
  176  11:04  Marauder  
  178  11:16  Marauder  
  179  11:21  Refinery  
  179  11:22  Refinery  
  179  11:31  SCV  
  179  11:32  SCV  
  181  11:33  SCV  
  178  11:45  SCV  
  160  11:52  Marine x4  
  160  11:53  Marauder x2  
  120  12:03  Marine x2  
  120  12:05  Siege Tank x2  
  120  12:06  Siege Tank, Medivac x2  
  135  12:08  Terran Infantry Weapons Level 3  
  135  12:09  Terran Infantry Armor Level 3, Marine  
  135  12:10  SCV x2, Marine  
  135  12:14  Marauder  
  141  12:38  Marine x6  
  141  12:40  Marauder x2, Siege Tank x2  
  141  12:41  Siege Tank, Medivac x2  
  141  12:43  SCV x2  
  166  12:44  SCV  
  167  12:54  Barracks x2  
  167  12:56  Barracks  
  167  13:00  Marine x5  
  172  13:20  SCV x2, Marine  
  172  13:21  Marine  
  172  13:22  Marauder  
  172  13:24  Siege Tank  
  159  13:31  Marine x5  
  159  13:33  Siege Tank  
  152  13:35  Siege Tank, Medivac x2  
  152  13:38  Marine  
  152  13:39  Marauder  
  162  13:43  Marauder  
  162  14:06  Marine x2  
  162  14:07  Medivac, Marine x3  
  157  14:18  Marine x2  
  152  14:42  Marine x2  
  152  14:43  Marine x2  
  152  14:44  Marine x2  
  149  14:45  Siege Tank, Medivac  
  149  14:46  Marauder, Siege Tank, Medivac  
  149  14:47  Marauder  
  149  14:48  Siege Tank  
  116  15:00  Marine x2  
  116  15:01  Marine x2  
  116  15:02  Marine x2  
  124  15:07  Marauder  
  124  15:08  Marauder  
  126  15:15  Medivac  
  126  15:16  Viking  
  126  15:17  Siege Tank  
  126  15:18  Siege Tank, Marine x2  
  126  15:20  Siege Tank  
  141  15:27  Command Center  
  143  15:28  Marauder  
  143  15:30  Marauder  
  143  15:33  Refinery  
  145  15:40  Marine x4  
  149  16:21  Supply Depot  
  149  16:24  Supply Depot  
  149  16:25  Supply Depot, Marine  
  149  16:28  Marine  
  149  16:32  Supply Depot  
  149  16:33  Viking, Marine  
  149  16:34  Marine x3  
  149  16:35  Marauder, Viking, Marine  
Tags
 
Add a new tag
Caveats
  • Supply blocks, unpowered buildings, or Contaminate may cause inaccurate times.
  • Supply counts are checked every 10 seconds.